 Dungeon Crawl Stone Soup version 0.30-a0-40-gc6d0f036a7 (webtiles) character file.

Game seed: 17534036592698015852

3 drugrobin the Sneak (level 1, -3/18 HPs)
             Began as a Demigod Delver on Aug 30, 2022.
             Slain by a river rat (7 damage)
             ... in a sewer.
             The game lasted 00:01:25 (181 turns).

drugrobin the Sneak (Demigod Delver)                 Turns: 181, Time: 00:01:25

Health: -3/18      AC:  3    Str: 13    XL:     1   Next: 33%
Magic:  3/3        EV: 11    Int: 12    God:
Gold:   0          SH:  0    Dex: 15    Spells: 0/0 levels left

rFire   . . .      SeeInvis .    a - +0 short sword
rCold   . . .      Faith    .    (no shield)
rNeg    . . .      Spirit   .    b - +0 leather armour
rPois   .          Reflect  .    (no helmet)
rElec   .          Harm     .    (no cloak)
rCorr   .          Rampage  .    (no gloves)
Will    .....                    (no boots)
Stlth   +++.......               (no amulet)
HPRegen 0.06/turn                (no ring)
MPRegen 0.08/turn                (no ring)

@: no status effects
A: high MP 1, forlorn, divine attributes
a: no special abilities


You were in a sewer.
You visited 1 branch of the dungeon, and saw 1 of its levels.
You also visited: Sewer.

Inventory:

Hand Weapons
 a - a +0 short sword (weapon)
Armour
 b - a +0 leather armour (worn)
Wands
 g - a wand of digging (1)


   Skills:
 - Level 2.6 Fighting
 + Level 2.1 Short Blades
 - Level 1.7 Dodging
 - Level 4.5 Stealth


You couldn't memorise any spells.
You didn't know any spells.
Your spell library was empty.

Dungeon Overview and Level Annotations

Branches:
Dungeon (5/15)              Sewer (1/1)
 Temple: D:4-7


Innate Abilities, Weirdness & Mutations

You have an increased reservoir of magic. (+10% MP)
You shall have no god before yourself.
Your divine heritage dramatically boosts your attributes as you level up.


Message History

You enter the shallow water.
Moving in this stuff is going to be slow.
You enter the shallow water.
Moving in this stuff is going to be slow.
There is a gate leading back out of this place here.
You start resting.
A river rat is nearby!
A river rat is nearby!
Unknown command.
Unknown command.
You aren't carrying any potions.
Unknown command.
Okay, then.
As you read the scroll of fog, it crumbles to dust.
The scroll dissolves into smoke.
You enter the shallow water.
Moving in this stuff is going to be slow. 2 rats come into view.
Unknown command.
Unknown command.
Unknown command.
Unknown command.
Unknown command.
Unknown command.
Unknown command.
Unknown command.
Unknown command.
Unknown command.
The helpless rat fails to defend itself.
You puncture the rat!
You kill the rat!
Unknown command.
You see here a rat corpse.
Unknown command.
Unknown command.
The helpless rat fails to defend itself.
You puncture the rat!
You kill the rat!
The river rat attacks as you move away! The river rat bites you!
You die...

#######
##~~~..~.##
###...~.~~.r..###
#†@~~~# ~.~~~#
##~r~### #.~.##
#~.~## #.~~#
#.~~# #~~~#
#~..## ##~..#
##.~.### ###~.~##
#~.~§§#####.r...#
###.§§§§§§.~~~###
###§§§§§.~###


You could see a river rat.

Vanquished Creatures
  5 rats (Sewer)
5 creatures vanquished.

Notes
Turn   | Place    | Note
-------+----------+-------------------------------------------
     0 | D:5      | drugrobin the Demigod Delver began the quest for the Orb.
     0 | D:5      | Reached XP level 1. HP: 18/18 MP: 3/3
     6 | D:5      | Noticed a gnoll sergeant
    30 | D:5      | Noticed an orc wizard
    30 | D:5      | Noticed an orc wizard
    31 | D:5      | Noticed an orc wizard
    38 | D:5      | Noticed a gnoll bouda
    53 | D:5      | Noticed an ice beast
    77 | D:5      | Found a glowing drain.
    83 | Sewer    | Entered a sewer
   181 | Sewer    | Slain by a river rat

Illustrated notes

Levels and vault maps discovered:
D:5:      layout_cave_pools, elyvilon_altar_4, mainiacjoe_overflow_alcove_4,
          mainiacjoe_overflow_surrounded_room, serial_gnoll_camp,
          gnoll_camp_huts_moat, gnoll_camp_mini_house, gnoll_camp_mini_shop,
          gnoll_camp_medium_02, gup_sewer_entry_bowl, uniq_pikel,
          uniq_blork_the_orc
Sewer:    sewer_hellmonk_bad_rat

Skill      XL: |  1 |
---------------+----+-----
Short Blades   | 2 |  2.1
Fighting       | |  2.6
Dodging        | |  1.7
Stealth        | |  4.5

Action                   || total
-------------------------++-------
Melee: Short sword       ||    21
Evoke: Wand              ||     2
  Use: Scroll            ||     3
       Potion            ||     1
 Stab: Sleeping          ||     2
Armor: Leather armour    ||     3
Dodge: Dodged            ||     9

Table legend: (Time is in decaauts)
 A = Elapsed time spent in this place.
 B = Non-inter-level travel time spent in this place.
 C = Inter-level travel time spent in this place.
 D = Time resting spent in this place.
 E = Time spent auto-exploring this place.
 F = Levels seen in this place.
 G = Mean time per level.
                   A        B        C        D        E       F      G
               +--------+--------+--------+--------+--------+-----+--------+
         Total |    169 |    169 |      0 |     13 |     32 |   2 |   84.5 |
       Dungeon |     67 |     67 |      0 |      0 |      0 |   1 |   67.0 |
         Sewer |    101 |    101 |      0 |     13 |     32 |   1 |  101.0 |
               +--------+--------+--------+--------+--------+-----+--------+

Top non-repeatable levels by time:
   Sewer: 101 daAuts
     D:5: 67 daAuts
